 Dungeon Crawl Stone Soup version 0.27.1-1-g398f81649c (webtiles) character file.

Game seed: 15583712344992232164

65 pokedragonboy the Changer (level 4, 0/48 HPs)
             Began as a Merfolk Transmuter on Sept 15, 2021.
             Slain by a goblin (2 damage)
             ... led by Robin
             ... on level 1 of the Dungeon.
             The game lasted 00:04:12 (2557 turns).

pokedragonboy the Changer (Merfolk Transmuter)      Turns: 2557, Time: 00:04:13

Health: 0/48       AC: 22    Str: 11    XL:     4   Next: 14%
Magic:  7/8        EV:  2    Int: 12    God:
Gold:   77         SH:  0    Dex: 14    Spells: 1/8 levels left

rFire    . . .     SeeInvis .   i - +0 trident
rCold    . . .     Faith    .   (no shield)
rNeg     + + +     Spirit   .   (armour currently unavailable)
rPois    +         Reflect  .   (helmet currently unavailable)
rElec    .         Harm     .   (cloak currently unavailable)
rCorr    .         Rampage  .   (gloves currently unavailable)
Will     .....     NoTele   +   (boots currently unavailable)
Stlth    +.........             (no amulet)
HPRegen  0.16/turn              (no ring)
MPRegen  0.11/turn              (no ring)

@: tree-form
A: stationary, stasis, torment immunity, boosted hp, (nimble swimmer 2),
(mertail)
a: no special abilities


You were on level 1 of the Dungeon.
You were a tree.
You visited 1 branch of the dungeon, and saw 2 of its levels.

You collected 77 gold pieces.

Inventory:

Hand Weapons
 c - a +0 dagger
 i - a +0 trident (weapon)
Armour
 j - a +0 robe (melded)
Wands
 a - a wand of flame (18)
Scrolls
 d - a scroll of magic mapping {unknown}
 e - 2 scrolls of teleportation {unknown}
 f - 2 scrolls of identify
 h - a scroll of enchant armour {unknown}
Potions
 b - a potion of lignification


   Skills:
 - Level 1.1 Fighting
 - Level 2.6 Dodging
 - Level 3.2 Unarmed Combat
 + Level 2.7 Spellcasting
 * Level 4.9 Transmutations


You had one spell level left.
You knew the following spells:

 Your Spells              Type           Power      Damage    Failure   Level
a - Beastly Appendage     Tmut           26%        N/A       3%          1
b - Wereblood             Tmut           13%        N/A       4%          2
c - Ice Form              Ice/Tmut       7%         N/A       65%         4

Your spell library contained the following spells:

 Spells                   Type           Power      Damage    Failure   Level
 Spider Form              Tmut/Pois      3%         N/A       26%         3


Dungeon Overview and Level Annotations

Branches:
Dungeon (2/15)

Altars:

Annotations:
D:2 Robin


Innate Abilities, Weirdness & Mutations

You are a tree.
Your roots penetrate the ground, keeping you stationary.
You cannot be teleported.
You are immune to unholy pain and torment.
Your maximum health is greatly increased.
Your equipment is partially melded.
((You are quick and stealthy near water. (Stealth+, EV+, Speed+++)))
((Your lower body shifts to a powerful aquatic tail in water.))


Message History

You start resting.
HP restored.
You start waiting.
Done waiting.
You now have 77 gold pieces (gained 5).
Items here: )) ÷÷÷.
There is a stone staircase leading down, spattered with blood here.
You climb downwards.
Level annotation: Robin The goblin closely misses you. x2
Robin roars a battlecry!
The goblins go into a battle-frenzy!
The goblin hits you with a +0 dagger. The goblin closely misses you.
There is a stone staircase leading up, spattered with blood here.
The goblin hits you with a +0 dagger. The goblin hits you but does no damage.
You climb upwards.
There is a stone staircase leading down, spattered with blood here.
Casting: Beastly Appendage (safe; 3% risk of failure)
Confirm with . or Enter, or press ? or * to list all spells.
You grow a pair of large bovine horns.
The goblin hits you with a +0 dagger. The goblin hits you but does no damage.
You barely miss the goblin. The goblin hits you with a +0 dagger.
The goblin barely misses you.
You closely miss the goblin. The goblin hits you with a +0 dagger.
The goblin closely misses you.
You completely miss the goblin. The goblin barely misses you.
The goblin hits you but does no damage. The goblin hits you with a +0 dagger.
The goblin hits you with a +0 club.
* * * LOW HITPOINT WARNING * * *
You hit the goblin.
The goblin is almost dead.
Your transformation is almost over.
The goblin hits you with a +0 dagger.
* * * LOW HITPOINT WARNING * * *
The goblin barely misses you.
Really quaff the potion of lignification?
Your horns disappear.
You turn into a tree.
Your +0 robe melds into your body.
Your roots penetrate the ground.
The goblin hits you with a +0 dagger.
You die...

########
##############.)....#
...........)...g♣...#
##############...g..#
†.......######......#
##...........###)####
#...).......# #.#
#...........# #.#
######'###### #.#
####### #######.# #.#
#.....######
........### #.#
#..##......#


You could see 2 goblins.

Vanquished Creatures
  A gnoll (D:1)
  A worm (D:2)
  A dart slug (D:1)
  3 bats
  An endoplasm (D:1)
  3 giant cockroaches
  8 goblins
  4 hobgoblins
  4 jackals (D:1)
  3 kobolds
  5 quokkas
  5 ball pythons
  2 frilled lizards (D:1)
  4 rats
45 creatures vanquished.

Notes
Turn   | Place    | Note
-------+----------+-------------------------------------------
     0 | D:1      | pokedragonboy the Merfolk Transmuter began the quest for
                  | the Orb.
     0 | D:1      | Reached XP level 1. HP: 15/15 MP: 3/3
   169 | D:1      | Reached skill level 3 in Transmutations
   196 | D:1      | Reached XP level 2. HP: 10/21 MP: 3/5
   199 | D:1      | Learned a level 2 spell: Wereblood
   411 | D:1      | Reached skill level 4 in Transmutations
   412 | D:1      | Reached XP level 3. HP: 20/26 MP: 6/6
   572 | D:1      | Found a faded altar of an unknown god.
  1961 | D:2      | Reached XP level 4. HP: 26/32 MP: 8/8
  1988 | D:2      | Learned a level 4 spell: Ice Form
  2044 | D:2      | Noticed Robin
  2171 | D:1      | HP: 1/32 [hobgoblin[Robin] (5)]
  2556 | D:1      | HP: 1/32 [goblin[Robin] (4)]
  2557 | D:1      | Slain by a goblin

Illustrated notes

Levels and vault maps discovered:
D:1:      ebering_hopf_link, layout_basic, hellmonk_ecumenical_altar_crossroads
D:2:      layout_rooms, serial_shops, shop, uniq_crazy_yiuf_cottage, uniq_robin

Skill      XL: |  1  2 |
---------------+-------+-----
Transmutations | 3 4 |  4.9
Fighting       | |  1.1
Dodging        | |  2.6
Unarmed Combat | |  3.2
Spellcasting   | |  2.7

Action                   |  1- 3 |  4- 6 || total
-------------------------+-------+-------++-------
Melee: Unarmed           |    20 |       ||    20
       Headbutt          |    15 |       ||    15
       Spear             |    79 |       ||    79
       Punch             |     2 |     1 ||     3
       Trident           |    32 |    30 ||    62
 Cast: Beastly Appendage |    20 |     4 ||    24
  Use: Potion            |       |     3 ||     3
       Scroll            |       |     2 ||     2
 Stab: Sleeping          |     2 |       ||     2
Armor: Robe              |    21 |    11 ||    32
Dodge: Dodged            |    82 |    38 ||   120
